 Dungeon Crawl Stone Soup version 0.30-a0-292-g0f741e3f8e (webtiles) character file.

Game seed: 16952380001106893853

175 plokij the Trooper (level 5, 0/47 HPs)
             Began as a Minotaur Berserker on Oct 17, 2022.
             Was a Priest of Trog.
             Succumbed to a goblin's poison
             ... on level 2 of the Dungeon.
             The game lasted 00:07:28 (1489 turns).

plokij the Trooper (Minotaur Berserker)             Turns: 1489, Time: 00:07:29

Health: 0/47       AC: 10    Str: 23    XL:     5   Next: 29%
Magic:  4/4        EV:  9    Int:  4    God:    Trog [***...]
Gold:   125        SH:  5    Dex: 10    Spells: 4/4 levels left

rFire   . . .      SeeInvis .    a - +0 hand axe
rCold   . . .      Faith    .    (no shield)
rNeg    . . .      Spirit   .    s - +0 chain mail
rPois   .          Reflect  +    (helmet restricted)
rElec   .          Harm     .    (no cloak)
rCorr   .          Rampage  .    (no gloves)
Will    .....                    o - +0 pair of boots
Stlth   ..........               k - amulet of reflection
HPRegen 0.27/turn                (no ring)
MPRegen 0.09/turn                (no ring)

@: lethally poisoned (0 -> -19)
A: horns 2, retaliatory headbutt
a: Renounce Religion, Berserk, Trog's Hand


You were on level 2 of the Dungeon.
You worshipped Trog.
Trog was most pleased with you.
You visited 1 branch of the dungeon, and saw 2 of its levels.

You collected 125 gold pieces.

Inventory:

Hand Weapons
 a - a +0 hand axe (weapon)
Armour
 o - a +0 pair of boots (worn)
 s - a +0 chain mail (worn)
Jewellery
 f - a ring of ice
 k - an amulet of reflection (around neck)
Scrolls
 b - a scroll of blinking {unknown}
 h - a scroll of identify {unknown}
 j - a scroll of silence {unknown}
 l - a scroll of fog {unknown}
 m - a scroll of acquirement {unknown}
 n - 3 scrolls of noise {unknown}
 p - a scroll of immolation {unknown}
 q - 2 scrolls of teleportation {unknown}
 r - a scroll of poison {unknown}
 t - a scroll of fear {unknown}
 u - 3 scrolls of vulnerability {unknown}
Potions
 c - 2 potions of curing {unknown}
 d - a potion of attraction {unknown}
 e - a potion of degeneration {unknown}
 g - a potion of lignification {unknown}
 i - 3 potions of mutation {unknown}


   Skills:
 + Level 4.8 Fighting
 + Level 4.7 Axes
 + Level 3.8 Armour
 + Level 3.6 Dodging


You had 4 spell levels left.
You didn't know any spells.
Your spell library was empty.

Dungeon Overview and Level Annotations

Branches:
Dungeon (2/15)

Altars:

Shops:
D:2 :

Annotations:
D:2 1 runed translucent door, Crazy Yiuf


Innate Abilities, Weirdness & Mutations

You have a pair of horns on your head.
You reflexively headbutt those who attack you in melee.


Message History

You feel very sick.
The scorpion stings you but does no damage.
The goblin hits you but does no damage.
You are more poisoned.
The scorpion stings you.
You are more poisoned.
The scorpion poisons you!
You hit the scorpion. You headbutt the scorpion.
The scorpion is moderately wounded.
You miss the goblin.
You feel very sick. The goblin hits you but does no damage.
You are lethally poisoned!
You block the scorpion's attack.
You hit the scorpion but do no damage.
The scorpion is moderately wounded.
You hit the goblin.
You feel extremely sick.
The goblin hits you with a +0 dagger of venom.
You are more poisoned.
The scorpion closely misses you.
You hit the scorpion.
The scorpion is heavily wounded.
You hit the goblin but do no damage.
* * * LOW HITPOINT WARNING * * *
You feel extremely sick. The goblin closely misses you.
The scorpion stings you but does no damage.
You hit the goblin.
You kill the goblin!
Trog accepts your kill.
You hit the scorpion.
* * * LOW HITPOINT WARNING * * *
You feel extremely sick. You block the scorpion's attack.
The scorpion stings you.
* * * LOW HITPOINT WARNING * * *
You closely miss the scorpion. You headbutt the scorpion.
You kill the scorpion!
Trog accepts your kill.
You die...

#######.......#
......#.......# #.
........<.....# #.
..............# #.. .
..#.......##### .. ..
..........##### .# ...
..#...........###.#
...#
#.###########.##.)#...#
.. #.# #..#@)..# #..#
..# ##.#.####...# .##
#.#......# ##
#..†))#### #######


There were no monsters in sight!

Vanquished Creatures
  A scorpion (D:2)
  Robin (D:2)
  4 gnolls (D:2)
  4 adders (D:2)
  A worm (D:2)
  2 dart slugs (D:2)
  An orc (D:2)
  6 endoplasms
  5 giant cockroaches
  5 hobgoblins
  8 kobolds
  A quokka (D:1)
  4 ball pythons
  7 bats
  3 frilled lizards (D:1)
  21 goblins
  5 rats
79 creatures vanquished.

Notes
Turn   | Place    | Note
-------+----------+-------------------------------------------
     0 | D:1      | plokij the Minotaur Berserker began the quest for the Orb.
     0 | D:1      | Reached XP level 1. HP: 19/19 MP: 0/0
   195 | D:1      | Reached XP level 2. HP: 27/27 MP: 1/1
   474 | D:1      | Reached ** piety under Trog
   528 | D:1      | Reached XP level 3. HP: 31/33 MP: 2/2
   794 | D:2      | Reached XP level 4. HP: 7/41 MP: 3/3
   958 | D:2      | Noticed Robin
   976 | D:2      | Killed Robin
  1144 | D:2      | Identified the +1 whip "Zoshi" {spect, rElec rPois rC++
                  | Int-2}
  1154 | D:2      | Reached XP level 5. HP: 47/47 MP: 4/4
  1169 | D:2      | Reached *** piety under Trog
  1240 | D:2      | Found Feabesh's Book Boutique.
  1313 | D:2      | Found a runed translucent door.
  1314 | D:2      | Noticed Crazy Yiuf
  1489 | D:2      | Succumbed to a goblin's poison

Illustrated notes

Levels and vault maps discovered:
D:1:      dreamdust_arrival_beginning_and_end, layout_basic
D:2:      minmay_evil_eye, layout_basic, serial_shops, shop_fountains,
          small_statue_intersection, minmay_liquid_box,
          amcnicky_mini_rare_corridor_liquid, minmay_pentomino_w4, uniq_terence,
          uniq_robin, uniq_crazy_yiuf_cottage

Skill      XL: |  1  2  3 |
---------------+----------+-----
Fighting       | 4 |  4.8
Axes           | 4 |  4.7
Armour         | 3 |  3.8
Dodging        | 3 |  3.6

Action                   |  1- 3 |  4- 6 || total
-------------------------+-------+-------++-------
Melee: Hand axe          |    87 |    70 ||   157
       Headbutt          |     4 |     6 ||    10
       Punch             |     1 |       ||     1
Invok: Berserk           |     1 |     1 ||     2
Armor: Animal skin       |     1 |       ||     1
       Leather armour    |    16 |    11 ||    27
       Chain mail        |       |     5 ||     5
Dodge: Dodged            |    44 |    41 ||    85
Block: Other             |    10 |    12 ||    22
       Reflection        |     1 |       ||     1

Table legend: (Time is in decaauts)
 A = Elapsed time spent in this place.
 B = Non-inter-level travel time spent in this place.
 C = Inter-level travel time spent in this place.
 D = Time resting spent in this place.
 E = Time spent auto-exploring this place.
 F = Levels seen in this place.
 G = Mean time per level.
                   A        B        C        D        E       F      G
               +--------+--------+--------+--------+--------+-----+--------+
         Total |   1516 |   1275 |    241 |    275 |    600 |   2 |  758.0 |
       Dungeon |   1516 |   1275 |    241 |    275 |    600 |   2 |  758.0 |
               +--------+--------+--------+--------+--------+-----+--------+

Top non-repeatable levels by time:
     D:2: 759 daAuts
     D:1: 756 daAuts
